 Dungeon Crawl Stone Soup version 0.30.2 (webtiles) character file.

Game seed: 16025826600578689241

340 porpoise the Shooter (level 6, -2/38 HPs)
             Began as a Tengu Hunter on Feb 24, 2024.
             Slain by a gnoll
             ... wielding a +0 flail
              (12 damage)
             ... on level 4 of the Dungeon.
             The game lasted 00:05:55 (2316 turns).

porpoise the Shooter (Tengu Hunter)                 Turns: 2316, Time: 00:05:56

Health: -2/38      AC:  4    Str: 12    XL:     6   Next: 56%
Magic:  7/7        EV: 15    Int:  9    God:
Gold:   90         SH:  0    Dex: 25    Spells: 5/5 levels left

rFire   . . .        a - +0 shortbow
rCold   . . .        (shield currently unavailable)
rNeg    . . .        c - +0 leather armour
rPois   .            (helmet restricted)
rElec   .            (no cloak)
rCorr   .            e - +0 pair of gloves
SInv    +            (boots unavailable)
Will    .....        (no amulet)
Stlth   +++          f - ring of see invisible
HPRegen 0.26/turn    u - +6 ring of dexterity
MPRegen 0.10/turn

%: no passive effects
@: flying quickly and evasively, quick
A: beak, talons 3, nimble flight
a: no special abilities


You were on level 4 of the Dungeon.
You visited 1 branch of the dungeon, and saw 4 of its levels.

You collected 248 gold pieces.
You spent 158 gold pieces at shops.

Inventory:

Hand Weapons
 a - a +0 shortbow (weapon)
 b - a +0 short sword
Armour
 c - a +0 leather armour (worn)
 e - a +0 pair of gloves (worn)
 m - an orb of wrath
Magical Staves
 o - a staff of conjuration
Jewellery
 f - a ring of see invisible (left hand)
 u - a +6 ring of dexterity (right hand)
Wands
 s - a wand of flame (16)
Scrolls
 d - a scroll of blinking {unknown}
 h - a scroll of magic mapping {unknown}
 k - a scroll of teleportation
 q - a scroll of vulnerability {unknown}
 r - 3 scrolls of immolation
 t - a scroll of torment {unknown}
 w - a scroll of fear {unknown}
Potions
 g - 4 potions of curing
 i - a potion of ambrosia
 j - a potion of mutation {unknown}
 l - a potion of cancellation {unknown}
 n - a potion of degeneration {unknown}
 p - 2 potions of attraction
 v - a potion of brilliance {unknown}


   Skills:
 + Level 3.7 Fighting
 * Level 6.7 Ranged Weapons
 - Level 2.1 Dodging
 + Level 3.4 Stealth


You had 5 spell levels left.
You didn't know any spells.
Your spell library contained the following spells:

 Spells                   Type           Power      Damage    Failure   Level
 Sandblast                Erth           0%         2d4       45%         1
 Cigotuvi's Dreadful Rot  Necr/Pois/Air  0%         N/A       61%         2
 Passwall                 Tmut/Erth      0%         N/A       61%         2
 Ignite Poison            Fire/Tmut/Pois 0%         N/A       83%         3
 Stone Arrow              Conj/Erth      0%         3d7       83%         3
 Freezing Cloud           Conj/Ice/Air   0%         6-21      100%        5


Dungeon Overview and Level Annotations

Branches:
Dungeon (4/15)
 Temple: D:4-7

Altars:
Makhleb
Xom

Shops:
D:1 [   D:3 *


Innate Abilities, Weirdness & Mutations

You have a beak for a mouth.
You have claws for feet.
Your magical nature lets you fly swiftly and evasively.


Message History

You are too injured to fight recklessly!
You shoot an arrow. The arrow barely misses the scorpion.
The arrow closely misses the adder.
The scorpion barely misses you. The scorpion closely misses you.
You shoot an arrow. The arrow barely misses the scorpion.
The arrow closely misses the adder.
The scorpion barely misses you.
You shoot an arrow. The arrow closely misses the scorpion.
The arrow hits the adder!
The adder is almost dead.
The scorpion barely misses you.
You shoot an arrow. The arrow hits the scorpion.
The scorpion is heavily wounded.
The scorpion closely misses you. The scorpion barely misses you.
You shoot an arrow. The arrow barely misses the scorpion.
The arrow hits the adder.
The adder is almost dead.
The scorpion closely misses you.
You shoot an arrow.
The arrow hits the scorpion but does no damage.
The scorpion is heavily wounded.
The scorpion completely misses you.
You shoot an arrow. The arrow closely misses the scorpion.
The arrow hits the adder!
You kill the adder!
The scorpion misses you. The scorpion barely misses you.
You shoot an arrow. The arrow barely misses the scorpion.
The arrow hits the gnoll but does no damage.
The scorpion completely misses you.
You shoot an arrow. The arrow hits the scorpion!
The scorpion is almost dead.
The scorpion stings you but does no damage.
The scorpion barely misses you.
You shoot an arrow. The arrow hits the scorpion!
You kill the scorpion!
A gnoll comes into view. It is wielding a +0 club.
You shoot an arrow. The arrow barely misses the gnoll. x2
The gnoll hits you with a +0 flail!
* * * LOW HITPOINT WARNING * * *
The gnoll hits you with a +0 flail!
You die...

#.#.# ..>.# #.###
########## #.#
..g...... #.#
..g.....# #.# #g#
#.# #g# #.# #g#
#.# #@# #.# #.#
#.# #.# #.# #.#
#.# #.#
#.########## ###.#
#..........# #...#
##########.###...#
#.........#


You could see 3 gnolls.

Vanquished Creatures
  A black bear (D:4)
  A scorpion (D:4)
  A crimson imp (D:3)
  A jelly (D:4)
  A hound (D:4)
  Robin (D:3)
  An adder (D:4)
  3 worms (D:2)
  A dart slug (D:3)
  An orc (D:3)
  2 ball pythons
  5 endoplasms
  6 giant cockroaches
  12 goblins
  6 hobgoblins
  2 jackals (D:1)
  7 bats
  6 frilled lizards
  10 kobolds
  7 rats
75 creatures vanquished.

Notes
Turn   | Place    | Note
-------+----------+-------------------------------------------
     0 | D:1      | porpoise the Tengu Hunter began the quest for the Orb.
     0 | D:1      | Reached XP level 1. HP: 12/12 MP: 2/2
    18 | D:1      | Found a faded altar of an unknown god.
    92 | D:1      | Reached XP level 2. HP: 17/17 MP: 3/3
   313 | D:1      | Found Qirimyto's Antique Armour Shoppe.
   643 | D:2      | Reached XP level 3. HP: 22/22 MP: 4/4
   732 | D:2      | Reached skill level 5 in Ranged Weapons
  1502 | D:3      | Reached XP level 4. HP: 27/27 MP: 5/5
  1684 | D:3      | Noticed Robin
  1694 | D:3      | Killed Robin
  1860 | D:3      | Found Gagododo's Assorted Antiques.
  1866 | D:3      | Bought a scroll labelled RIROUN JAIRAYD for 20 gold pieces
  1866 | D:3      | Bought a bone ring for 100 gold pieces
  1866 | D:3      | Bought a murky white potion for 18 gold pieces
  1866 | D:3      | Bought a scroll labelled PUTOOKHLIFRY for 20 gold pieces
  2029 | D:3      | Found a shimmering altar of Xom.
  2031 | D:3      | Found a burning altar of Makhleb.
  2033 | D:3      | Gained mutation: Your magical nature lets you fly swiftly
                  | and evasively. [Tengu growth]
  2033 | D:3      | Reached XP level 5. HP: 32/32 MP: 6/6
  2158 | D:4      | Reached skill level 6 in Ranged Weapons
  2268 | D:4      | Noticed a black bear
  2272 | D:4      | Killed a black bear
  2273 | D:4      | Reached XP level 6. HP: 37/37 MP: 7/7
  2316 | D:4      | Slain by a gnoll

Illustrated notes

Levels and vault maps discovered:
D:1:      amcnicky_arrival_choice, layout_basic, basic_ecumenical_altar,
          serial_shops, shop
D:2:      layout_basic, kennysheep_generic_room_15
D:3:      layout_loops_ring, grunt_temple_overflow_champion_of_chaos,
          serial_shops, shop, uniq_robin
D:4:      layout_basic, nicolae_ashenzari_panopticon,
          nicolae_ru_the_path_less_chosen

Skill      XL: |  1  2  3  4  5 |
---------------+----------------+-----
Ranged Weapons | 5 6 |  6.7
Stealth        | 2 3 |  3.4
Fighting       | 3 |  3.7
Dodging        | |  2.1

Action                     |  1- 3 |  4- 6 || total
---------------------------+-------+-------++-------
   Fire: Shortbow          |   119 |    73 ||   192
    Use: Scroll            |       |     4 ||     4
 Armour: Leather armour    |    10 |     7 ||    17
  Dodge: Dodged            |    19 |    18 ||    37
